 Dungeon Crawl Stone Soup version 0.29.1-15-g9cfb28693d (webtiles) character file.

Game seed: 6381029249479195096

37 ThatPearl the Trooper (level 3, 0/30 HPs)
             Began as a Demonspawn Berserker on Mar 8, 2023.
             Was a Follower of Trog.
             Slain by Terence
             ... wielding a +5 mace of holy wrath
              (9 damage)
             ... on level 2 of the Dungeon.
             The game lasted 00:02:13 (1217 turns).

ThatPearl the Trooper (Demonspawn Berserker)        Turns: 1217, Time: 00:02:13

Health: 0/30       AC:  6    Str: 19    XL:     3   Next: 21%
Magic:  3/3        EV: 11    Int:  8    God:    Trog [*.....]
Gold:   68         SH:  0    Dex: 12    Spells: 2/2 levels left

rFire   . . .      SeeInvis .   c - +0 war axe
rCold   . . .      Faith    .   e - orb {light}
rNeg    . . .      Spirit   .   d - +0 ring mail
rPois   .          Reflect  .   (no helmet)
rElec   .          Harm     .   h - +0 cloak
rCorr   .          Rampage  .   (no gloves)
Will    .....                   (no boots)
Stlth   +.........              (no amulet)
HPRegen 0.10/turn               (no ring)
MPRegen 0.08/turn               (no ring)

@: lethally poisoned (0 -> -3), glowing
A: weakness stinger 2
a: Renounce Religion, Berserk


You were on level 2 of the Dungeon.
You worshipped Trog.
Trog was aware of your devotion.
You visited 1 branch of the dungeon, and saw 2 of its levels.

You collected 68 gold pieces.

Inventory:

Hand Weapons
 a - a +0 hand axe
 c - a +0 war axe (weapon)
Armour
 d - a +0 ring mail (worn)
 e - an orb of light (worn)
 h - a +0 cloak (worn)
Scrolls
 g - a scroll of silence {unknown}
Potions
 f - a potion of brilliance {unknown}


   Skills:
 + Level 3.7 Fighting
 + Level 3.3 Axes
 - Level 1.7 Armour
 - Level 1.7 Dodging


You had 2 spell levels left.
You didn't know any spells.
Your spell library contained the following spells:

 Spells                   Type           Power      Damage    Failure   Level
 Chain Lightning          Conj/Air       0%         N/A       100%        9
 Fire Storm               Conj/Fire      0%         5d1       100%        9
 Shatter                  Erth           0%         3d5*      100%        9


Dungeon Overview and Level Annotations

Branches:
Dungeon (2/15)

Altars:

Annotations:
D:2 Terence


Innate Abilities, Weirdness & Mutations

You have a tail ending in a sharp stinger.


Message History

Found a rapier.
Found a stone staircase leading down.
You now have 62 gold pieces (gained 4).
You now have 68 gold pieces (gained 6).
Found a stone staircase leading up.
There is a stone staircase leading up here.
An endoplasm comes into view.
The endoplasm quivers.
The endoplasm hits you but does no damage.
You hit the endoplasm but do no damage. You tail-slap the endoplasm.
The endoplasm is heavily wounded.
The endoplasm freezes you.
You are frozen.
You hit the endoplasm.
You kill the endoplasm!
Trog accepts your kill.
Found 11 gold pieces.
HP restored.
Terence and a kobold come into view.
Terence is wielding a +5 mace of holy wrath.
The kobold is wielding a +1 dagger of venom.
Terence shouts!
The kobold shouts!
Found a scroll labelled ECOKOM FANY.
The kobold hits you but does no damage.
You are poisoned.
You hit Terence but do no damage.
You tail-slap Terence, but do no damage.
You slash the kobold!
You kill the kobold!
Trog accepts your kill.
You feel very sick. Terence closely misses you.
You hit Terence but do no damage.
You feel sick.
Terence shouts, "DIE!!!"
Terence hits you with a +5 mace of holy wrath.
You convulse.
You hit Terence but do no damage.
You feel sick.
Terence hits you with a +5 mace of holy wrath!
* * * LOW HITPOINT WARNING * * *
You convulse!
You die...

###...## #......##
##.......##
#.........###
#........... #.....$...#
#?...)..# #...@@.#
##.##.####
#......######...#.#...
#.###.......).....#...
#.###.#######.....#...
.##.....###### #.#..#...
............(###.#..#...
#######.####............
#.# #.......†.<.. #.#
##.##.#.###..


You could see Terence.

Vanquished Creatures
  A dart slug (D:1)
  3 ball pythons (D:1)
  3 endoplasms
  3 goblins (D:1)
  2 hobgoblins (D:1)
  6 jackals (D:1)
  A quokka (D:1)
  3 bats (D:1)
  2 frilled lizards
  2 kobolds
  6 rats (D:1)
32 creatures vanquished.

Notes
Turn   | Place    | Note
-------+----------+-------------------------------------------
     0 | D:1      | ThatPearl the Demonspawn Berserker began the quest for the
                  | Orb.
     0 | D:1      | Reached XP level 1. HP: 18/18 MP: 1/1
   149 | D:1      | Gained mutation: You have a small tail. [demonic ancestry]
   149 | D:1      | Reached XP level 2. HP: 24/24 MP: 2/2
   646 | D:1      | Gained mutation: You have a tail ending in a sharp stinger.
                  | [demonic ancestry]
   646 | D:1      | Reached XP level 3. HP: 26/29 MP: 3/3
  1211 | D:2      | Noticed Terence
  1217 | D:2      | Slain by Terence

Illustrated notes

Levels and vault maps discovered:
D:1:      dpeg_arrival_round_a, layout_loops_cross
D:2:      layout_loops_ring, dreamdust_ecumenical_altar_angels_and_demons,
          chequers_mini_garden, uniq_terence

Skill      XL: |  1 |
---------------+----+-----
Axes           | 3 |  3.3
Fighting       | |  3.7
Armour         | |  1.7
Dodging        | |  1.7

Action                   || total
-------------------------++-------
Melee: Hand axe          ||    20
       War axe           ||    45
       Tailslap          ||     6
Invok: Berserk           ||     1
Armor: Animal skin       ||    19
       Ring mail         ||     2
Dodge: Dodged            ||    52
